 Dungeon Crawl Stone Soup version 0.24-a0-443-g80245de385 (webtiles) character file.

Game seed: 9373921148273104634

1534 Murumi the Shield-Bearer (level 9, -5/69 HPs)
             Began as a Formicid Fighter on June 21, 2019.
             Was a Priest of Cheibriados.
             Slain by a two-headed ogre
             ... wielding a +0 giant club
              (11 damage)
             ... on level 6 of the Dungeon.
             The game lasted 00:24:04 (6326 turns).

Murumi the Shield-Bearer (Formicid Fighter)         Turns: 6326, Time: 00:24:05

Health: -5/69      AC: 14    Str: 29    XL:     9   Next: 11%
Magic:  12/12      EV:  9    Int: 13    God:    Cheibriados [***...]
Gold:   432        SH:  6    Dex: 18    Spells: 8/8 levels left

rFire    + . .     SeeInvis +   a - +0 long sword
rCold    . . .     Gourm    .   q - +0 buckler
rNeg     . . .     Faith    .   m - +0 plate armour
rPois    .         Spirit   .   (helmet unavailable)
rElec    .         Reflect  .   i - scarf {repulsion}
rCorr    .         Harm     .   s - +1 pair of gloves
MR       .....                  (no boots)
Stlth    ..........             (no amulet)
HPRegen  0.21/turn              j - ring of flight
MPRegen  0.13/turn              v - ring of protection from fire

@: very slightly contaminated, invisible, repel missiles, very slow
A: permanent stasis, dig shafts and tunnels, four strong arms, antennae 3
a: Dig, Shaft Self, Bend Time, Temporal Distortion, Renounce Religion, Evoke
Flight


You were on level 6 of the Dungeon.
You worshipped Cheibriados.
Cheibriados was most pleased with you.
You were not hungry.

You visited 2 branches of the dungeon, and saw 7 of its levels.
You also visited: Sewer.

You collected 432 gold pieces.

Inventory:

Hand Weapons
 a - a +0 long sword (weapon)
Missiles
 e - 64 bolts
 g - 146 stones
 l - 22 poisoned darts (quivered)
 p - a boomerang
Armour
 c - a +0 shield
 i - a scarf of repulsion (worn)
 m - a +0 plate armour (worn)
 q - a +0 buckler (worn)
 r - a +0 cloak
 s - a +1 pair of gloves (worn)
Jewellery
 j - a ring of flight (left hand)
 v - a ring of protection from fire (right hand)
Wands
 t - a wand of flame (20)
 x - a wand of digging (9)
Scrolls
 b - 6 scrolls of remove curse
 h - 5 scrolls of identify
 k - 3 scrolls of enchant weapon
Potions
 d - 3 potions of might
 n - a potion of ambrosia
 o - 3 potions of brilliance
 w - a potion of heal wounds
 z - a potion of curing
 A - a potion of mutation
Comestibles
 f - 9 rations


   Skills:
 + Level 5.9 Fighting
 - Level 4.0 Long Blades
 - Level 5.4 Armour
 - Level 3.0 Dodging
 - Level 7.3 Shields
 - Level 4.4 Invocations
 - Level 3.1 Evocations


You had 8 spell levels left.
You didn't know any spells.
Your spell library contained the following spells:

 Spells                   Type           Power        Failure   Level  Hunger
 Confusing Touch          Hex            #.....       97%         1    ##.....
 Shock                    Conj/Air       #...         97%         1    ##.....
 Sting                    Conj/Pois      #...         97%         1    ##.....
 Poisonous Vapours        Pois/Air       #.....       99%         2    ###....
 Swiftness                Chrm/Air       #.......     99%         2    ###....
 Confuse                  Hex            #.......     100%        3    ####...
 Gell's Gravitas          Tloc           #.........   100%        3    ####...
 Mephitic Cloud           Conj/Pois/Air  #.......     100%        3    ####...
 Static Discharge         Conj/Air       #.......     100%        3    ####...
 Airstrike                Air            #.........   100%        4    #####..
 Olgreb's Toxic Radiance  Pois           #.......     100%        4    #####..
 Petrify                  Tmut/Erth      #.......     100%        4    #####..
 Lightning Bolt           Conj/Air       #.........   100%        5    ######.
 Metabolic Englaciation   Hex/Ice        #.........   100%        5    ######.
 Venom Bolt               Conj/Pois      #.........   100%        5    ######.
 Yara's Violent Unravell  Hex/Tmut       #.........   100%        5    ######.


Dungeon Overview and Level Annotations

Branches:
Dungeon (6/15)             Temple (1/1) D:4

Altars:
Ashenzari
Cheibriados
Fedhas
Gozag
Hepliaklqana
Kikubaaqudgha
Makhleb
Nemelex Xobeh
Qazlal
Ru
Sif Muna
Uskayaw
Vehumet
Wu Jian
Xom
Yredelemnul
Zin
The Shining One


Innate Abilities, Weirdness & Mutations

You cannot be hasted, slowed, berserked, paralysed or teleported.
You can dig through walls and to a lower floor.
Your four strong arms can wield two-handed weapons with a shield.
You have a pair of large antennae on your head. (SInv)


Message History

You hit the two-headed ogre.
The two-headed ogre is almost dead.
The two-headed ogre closely misses you.
You riposte.
You catch the helpless two-headed ogre completely off-guard!
You hit the two-headed ogre.
The two-headed ogre is almost dead.
You block the two-headed ogre's attack.
You hit the two-headed ogre.
The two-headed ogre is almost dead.
The two-headed ogre closely misses you.
The two-headed ogre hits you but does no damage.
You hit the two-headed ogre.
The two-headed ogre is almost dead.
The two-headed ogre closely misses you. The two-headed ogre barely misses you.
You hit the two-headed ogre but do no damage.
The two-headed ogre is almost dead.
The two-headed ogre hits you with a +0 giant club.
* * * LOW HITPOINT WARNING * * *
The two-headed ogre hits you with a +0 giant club!
You die...

#.#*****#.# ##### #.#
#.###...#### #.# #####.##.###.##.
##### #.# #.......## ##... ....#
#.# #.###.#.# #... ###.# #.# #.#
#...## *#... #.#
##.###.###....###..#. #.#
#...O.(((((......#.## ###.#####
#.#.@..#####.#####.## ........#
#...#### #.# #.## ###.###.# ##.##
#.# #.## ###.# #.# #.# ##+## #...
....# #.# #.# ##...## #### #####
#.# ##>## ##.....## # .######.#
##...## ##.......## #
........####.###.###.........####
..........)..# #...'.........'...


You could see a two-headed ogre.

Vanquished Creatures
  Eustachio (D:4)
  Duvessa (D:6)
  A sky beast (D:5)
  A phantom (D:6)
  A centaur (D:6)
  2 ogres (D:6)
  2 bullfrogs (Sewer)
  Dowan (D:6)
  2 scorpions
  A water moccasin skeleton (D:6)
  A howler monkey (D:5)
  An orc wizard (D:3)
  A bullfrog skeleton (D:6)
  Crazy Yiuf (D:5)
  A centaur skeleton (D:5)
  5 worker ants
  A hound zombie (D:6)
  A hound skeleton (D:6)
  7 adders
  4 gnolls (D:4)
  4 river rats (D:6)
  A shadow imp (D:6)
  4 worms
  A dart slug (D:3)
  4 leopard geckos
  10 orcs
  7 giant cockroaches
  2 goblins
  9 hobgoblins
  6 jackals
  6 kobolds
  2 ball pythons (Sewer)
  5 bats
  9 frilled lizards
  A leopard gecko zombie (D:5)
  8 rats
115 creatures vanquished.

Notes
Turn   | Place    | Note
-------+----------+-------------------------------------------
     0 | D:1      | Murumi the Formicid Fighter began the quest for the Orb.
     0 | D:1      | Reached XP level 1. HP: 18/18 MP: 1/1
    67 | D:1      | Reached skill level 1 in Dodging
   139 | D:1      | Reached XP level 2. HP: 24/24 MP: 2/2
   180 | D:1      | Reached skill level 4 in Shields
   606 | D:2      | Reached skill level 1 in Evocations
   618 | D:2      | Reached XP level 3. HP: 25/29 MP: 3/3
  1190 | D:3      | Reached XP level 4. HP: 35/35 MP: 4/4
  1372 | D:3      | Found a blossoming altar of Fedhas.
  1687 | D:4      | Noticed Eustachio
  1735 | D:4      | Killed Eustachio
  1735 | D:4      | Reached skill level 5 in Armour
  1735 | D:4      | Reached XP level 5. HP: 25/42 MP: 5/5
  1735 | D:4      | Reached XP level 6. HP: 29/48 MP: 6/6
  1989 | D:4      | Found a shimmering altar of Xom.
  1989 | D:4      | Noticed an angel
  1991 | D:4      | Found a glowing silver altar of Zin.
  2163 | D:4      | Found a staircase to the Ecumenical Temple.
  2172 | Temple   | Entered the Ecumenical Temple
  2356 | Temple   | Became a worshipper of Cheibriados the Contemplative
  2537 | D:4      | Found a glowing golden altar of the Shining One.
  3009 | D:5      | Entered Level 5 of the Dungeon
  3009 | D:5      | Noticed a sky beast
  3112 | D:5      | Found a radiant altar of Vehumet.
  3246 | D:5      | Found a runed translucent door.
  3247 | D:5      | Noticed Crazy Yiuf
  3257 | D:5      | Killed Crazy Yiuf
  3257 | D:5      | Reached skill level 5 in Shields
  3411 | D:5      | Reached skill level 1 in Invocations
  3504 | D:5      | Reached XP level 7. HP: 39/54 MP: 6/8
  4036 | D:6      | Noticed a two-headed ogre
  4170 | D:6      | Found a burning altar of Makhleb.
  4225 | D:6      | Reached * piety under Cheibriados
  4263 | D:6      | Found a glowing drain.
  4277 | Sewer    | Entered a sewer
  4451 | Sewer    | Reached ** piety under Cheibriados
  4584 | Sewer    | Reached XP level 8. HP: 45/61 MP: 10/10
  4590 | Sewer    | Reached skill level 5 in Fighting
  5192 | D:6      | Reached skill level 6 in Shields
  5267 | D:6      | Noticed Dowan
  5268 | D:6      | Noticed Duvessa
  5289 | D:6      | Killed Duvessa
  5292 | D:6      | Killed Dowan
  5715 | D:6      | Reached skill level 7 in Shields
  5715 | D:6      | Reached XP level 9. HP: 41/68 MP: 12/12
  6001 | D:6      | Found a deep blue altar of Sif Muna.
  6284 | D:6      | Reached *** piety under Cheibriados
  6326 | D:6      | Slain by a two-headed ogre

Levels and vault maps discovered:
D:1:      dpeg_arrival_pits, layout_basic
D:2:      layout_rooms
D:3:      layout_rooms, solitary_fountain, fedhas_altar_fruit_tree
D:4:      layout_basic, grunt_temple_overflow_order_and_chaos_1,
          lemuel_doored_altar, minmay_temple_entry_junction, first_ration,
          uniq_eustachio
D:5:      layout_gridville, vehumet_altar_wand_db, uniq_crazy_yiuf_cottage
D:6:      minmay_opposing_rooms, layout_loops_corners, marbit_many_paths,
          lightli_sewer_entry_pipes, bloody_makhleb, uniq_duvessa
Temple:   minmay_temple_forest_path

Skill      XL: |  1  2  3  4  5  6  7  8 |
---------------+-------------------------+-----
Dodging        | 1 3 |  3.0
Shields        | 4 5 7 |  7.3
Evocations     | 1 3 |  3.1
Long Blades    | 3 4 |  4.0
Fighting       | 4 5 |  5.9
Armour         | 5 |  5.4
Invocations    | 2 4 |  4.4

Action                   |  1- 3 |  4- 6 |  7- 9 || total
-------------------------+-------+-------+-------++-------
Melee: Long sword        |    76 |   108 |   247 ||   431
Throw: Stone             |    66 |    31 |       ||    97
       Boomerang         |       |    22 |    97 ||   119
       Dart              |       |       |    13 ||    13
 Abil: Dig               |     1 |     5 |     1 ||     7
       Evoke Flight      |       |       |     1 ||     1
  Use: Scroll            |     4 |     4 |     6 ||    14
       Potion            |       |       |     2 ||     2
 Stab: Invisible         |       |       |     4 ||     4
  Eat: Chunk             |     1 |     3 |     5 ||     9
       Ration            |       |     2 |       ||     2
Armor: Scale mail        |    18 |       |       ||    18
       Plate armour      |    17 |    41 |   122 ||   180
Dodge: Dodged            |    12 |    19 |   107 ||   138
       Deflected         |     3 |       |     1 ||     4
Block: Shield            |    40 |    32 |       ||    72
       Buckler           |       |    10 |    58 ||    68
       Rpst.: Long sword |     1 |     5 |    32 ||    38

Table legend:
 A = Non-vault XP
 B = Vault XP
 C = Vault XP percentage of total XP
 D = Non-vault monster count
 E = Vault monster count
 F = Vault count percentage of total count
                 A         B        C        D         E       F
            +---------+---------+-------+---------+---------+-------
      Total |     859 |    1333 |  60.8 |      72 |      43 |  37.4
            +---------+---------+-------+---------+---------+-------
        D:1 |      22 |       0 |   0.0 |      15 |       0 |   0.0
        D:2 |      38 |       0 |   0.0 |      15 |       0 |   0.0
        D:3 |      70 |       0 |   0.0 |      13 |       0 |   0.0
        D:4 |      95 |     182 |  65.7 |       6 |       1 |  14.3
        D:5 |     352 |      40 |  10.2 |       9 |       2 |  18.2
        D:6 |     282 |     866 |  75.4 |      14 |      19 |  57.6
      Sewer |       0 |     245 | 100.0 |       0 |      21 | 100.0
            +---------+---------+-------+---------+---------+-------
